 Dungeon Crawl Stone Soup version 0.24.0-125-gc4c63601f3 (webtiles) character file.

Game seed: 313088118258086866, levelgen mode: deterministic

107 Lemonice the Sneak (level 4, -8/27 HPs)
             Began as an Octopode Earth Elementalist on Feb 23, 2020.
             Killed from afar by an orc wizard (10 damage)
             ... with a magic dart
             ... on level 3 of the Dungeon.
             The game lasted 00:05:03 (2631 turns).

Lemonice the Sneak (Octopode Earth Elementalist)    Turns: 2631, Time: 00:05:04

Health: -8/27      AC:  1    Str: 12    XL:     4   Next: 86%
Magic:  0/8        EV: 13    Int: 18    God:
Gold:   177        SH:  0    Dex: 12    Spells: 8/9 levels left

rFire    . . .     SeeInvis .   d - +0 short sword
rCold    . . .     Gourm    .   (no shield)
rNeg     . . .     Faith    .   (helmet restricted)
rPois    .         Spirit   .   (no amulet)
rElec    .         Reflect  .   (no ring)
rCorr    .         Harm     .   (no ring)
MR       .....                  (no ring)
Stlth    ++++......             (no ring)
HPRegen  0.09/turn              (no ring)
MPRegen  0.11/turn              (no ring)
                                (no ring)
                                (no ring)

@: mighty, very slightly contaminated
A: almost no armour, stealthy swim, amphibious, 8 rings, constrict 8, camouflage
1, gelatinous body 1
a: no special abilities


You were on level 3 of the Dungeon.
You were hungry.

You visited 1 branch of the dungeon, and saw 3 of its levels.

You collected 177 gold pieces.

Inventory:

Hand Weapons
 d - a +0 short sword (weapon)
 g - a +0 spear
 h - a +0 spear of freezing
Missiles
 b - 115 stones (quivered)
Armour
 i - quicksilver dragon scales
Jewellery
 k - an uncursed ring of poison resistance {unknown}
Scrolls
 a - 2 scrolls of magic mapping {unknown}
 c - a scroll of enchant weapon {unknown}
 f - 2 scrolls of identify {unknown}
 j - a scroll of teleportation {unknown}
 l - a scroll of noise {unknown}
Potions
 e - 2 potions of might


   Skills:
 - Level 2.0 Dodging
 + Level 4.5 Stealth
 + Level 3.0 Spellcasting
   Level 1.0 Transmutations
 + Level 4.0 Earth Magic


You had 8 spell levels left.
You knew the following spells:

 Your Spells              Type           Power        Failure   Level  Hunger
a - Sandblast             Erth           ###...       3%          1    None

Your spell library contained the following spells:

 Spells                   Type           Power        Failure   Level  Hunger
 Passwall                 Tmut/Erth      ##......     9%          2    ##.....
 Stone Arrow              Conj/Erth      #.....       22%         3    ###....
 Petrify                  Tmut/Erth      ##......     50%         4    ####...
 Lee's Rapid Deconstruct  Erth           ###.......   65%         5    ######.


Dungeon Overview and Level Annotations

Branches:
Dungeon (3/15)

Altars:
Nemelex Xobeh


Innate Abilities, Weirdness & Mutations

You cannot wear most types of armour.
You are very stealthy in the water. (Stealth+)
You are amphibious.
You can wear up to eight rings at the same time.
You can use your tentacles to constrict eight enemies at once.
Your skin changes colour to match your surroundings (Stealth+).
Your rubbery body absorbs attacks. (AC +1, EV +1)


Message History

Press: ? - help, Shift-Dir - straight line, f/p - orc wizard
Aim: an orc wizard, wielding a +0 dagger and wearing a +0 robe (almost dead)
The blast of sand misses the orc wizard.
b - 115 stones The orc wizard hits you but does no damage.
The orc hits you with a +0 hand axe.
You barely miss the orc wizard. Your grab misses the orc wizard.
The orc wizard is almost dead.
The orc wizard barely misses you. The orc hits you with a +0 hand axe.
* * * LOW HITPOINT WARNING * * *
The orc wizard hits you with a +0 dagger.
* * * LOW HITPOINT WARNING * * *
You feel very mighty all of a sudden. The orc wizard barely misses you.
The orc hits you with a +0 hand axe.
* * * LOW HITPOINT WARNING * * *
You closely miss the orc wizard. Your grab misses the orc wizard.
The orc wizard is almost dead.
The orc wizard gestures at you while chanting.
The magic dart hits you!
You die...

#.#...........+
#########.###.........#
#.....<.....+.........#
#.#######.###.........#
. ................#
..##...###.#######.#
.......###.#######.#
....)....o.........#
###..<###@#########
+.'...).o.....#
###...###$##### #.....
.[.. #.#### ###.# # ...
###


You could see an orc wizard and an orc.

Vanquished Creatures
  4 gnolls
  2 adders (D:2)
  2 worms (D:2)
  2 dart slugs (D:1)
  2 leopard geckos (D:2)
  2 orcs (D:3)
  A giant cockroach (D:2)
  6 goblins
  3 hobgoblins (D:1)
  2 jackals (D:1)
  3 bats
  2 frilled lizards (D:2)
  5 kobolds
  4 rats
40 creatures vanquished.

Notes
Turn   | Place    | Note
-------+----------+-------------------------------------------
     0 | D:1      | Lemonice the Octopode Earth Elementalist began the quest
                  | for the Orb.
     0 | D:1      | Reached XP level 1. HP: 11/11 MP: 3/3
   400 | D:1      | Reached XP level 2. HP: 10/17 MP: 5/5
  1352 | D:2      | Reached XP level 3. HP: 21/21 MP: 6/6
  1494 | D:2      | Reached XP level 4. HP: 11/27 MP: 5/8
  1644 | D:2      | Found a sparkling altar of Nemelex Xobeh.
  2631 | D:3      | Killed from afar by an orc wizard

Levels and vault maps discovered:
D:1:      dpeg_arrival_rooms_with_view, layout_basic
D:2:      layout_basic, nemelex_xobeh_ov_fountains_minmay, minivault_26
D:3:      minmay_goblin_kobold_castle, layout_basic

Skill      XL: |  1  2  3  4 |
---------------+-------------+-----
Stealth        | 3 4 |  4.5
Earth Magic    | 4 |  4.0
Spellcasting   | 3 |  3.0
Dodging        | |  2.0
Transmutations | |  1.0

Action                   |  1- 3 |  4- 6 || total
-------------------------+-------+-------++-------
Melee: Unarmed           |    29 |       ||    29
       Constrict         |    15 |     8 ||    23
       Tentacles         |    10 |     1 ||    11
       Short sword       |    41 |    28 ||    69
 Cast: Sandblast         |       |    23 ||    23
  Use: Potion            |       |     1 ||     1
 Stab: Sleeping          |     8 |     4 ||    12
  Eat: Chunk             |     1 |       ||     1
       Ration            |       |     1 ||     1
Armor: Skin              |     6 |     1 ||     7
Dodge: Dodged            |    36 |    31 ||    67
